 Dungeon Crawl Stone Soup version 0.27.1-4-g1640c2035a (webtiles) character file.

Game seed: 11178840435525828263

66 Yllest the Grave Robber (level 3, -1/19 HPs)
             Began as a Deep Elf Necromancer on Nov 16, 2021.
             Was a Believer of Sif Muna.
             Slain by an orc priest (2 damage)
             ... on level 3 of the Dungeon.
             The game lasted 00:08:31 (2991 turns).

Yllest the Grave Robber (Deep Elf Necromancer)      Turns: 2991, Time: 00:08:34

Health: -1/19      AC:  3    Str:  5    XL:     3   Next: 96%
Magic:  7/10       EV: 12    Int: 20    God:    Sif Muna [**....]
Gold:   43         SH:  0    Dex: 15    Spells: 5/10 levels left

rFire    . . .     SeeInvis .   (no weapon)
rCold    . . .     Faith    .   (no shield)
rNeg     . . .     Spirit   .   a - +0 robe
rPois    .         Reflect  .   (no helmet)
rElec    .         Harm     .   (no cloak)
rCorr    .         Rampage  .   (no gloves)
Will     .....                  k - +0 pair of boots
Stlth    ++........             (no amulet)
HPRegen  0.06/turn              (no ring)
MPRegen  0.12/turn              (no ring)

@: mighty
A: no striking features
a: Renounce Religion, Channel Magic


You were on level 3 of the Dungeon.
You worshipped Sif Muna.
Sif Muna was pleased with you.
You visited 1 branch of the dungeon, and saw 3 of its levels.

You collected 43 gold pieces.

Inventory:

Hand Weapons
 j - a +1 dagger of freezing
Armour
 a - a +0 robe (worn)
 k - a +0 pair of boots (worn)
Scrolls
 b - a scroll of fear {unknown}
 c - a scroll of noise {unknown}
 d - 3 scrolls of identify {unknown}
 e - a scroll of blinking {unknown}
 f - 2 scrolls of teleportation {unknown}
 h - a scroll of immolation {unknown}
 i - a scroll of summoning {unknown}


   Skills:
 + Level 2.5 Dodging
 + Level 2.6 Stealth
 + Level 4.3 Spellcasting
 * Level 5.9 Necromancy


You had 5 spell levels left.
You knew the following spells:

 Your Spells              Type           Power      Damage    Failure   Level
a - Pain                  Necr           100%       1d9       1%          1
b - Animate Skeleton      Necr           56%        N/A       1%          1
c - Vampiric Draining     Necr           14%        2d8       3%          3

Your spell library contained the following spells:

 Spells                   Type           Power      Damage    Failure   Level
 Animate Dead             Necr           14%        N/A       11%         4
 Summon Small Mammal      Summ           16%        N/A       12%         1
 Agony                    Necr           28%        N/A       30%         5
 Call Canine Familiar     Summ           4%         N/A       36%         3
 Summon Guardian Golem    Hex/Summ       4%         N/A       36%         3


Dungeon Overview and Level Annotations

Branches:
Dungeon (3/15)

Altars:
Sif Muna


Message History

Aiming: Pain (safe; 1% risk of failure)
Press: ? - help, Q - select action, (/) - cycle Shift-Dir - straight line, f - kobold
Aim: a kobold, wielding a +0 short sword and quivering stones (chance to affect: 93%)
The kobold writhes in agony.
You kill the kobold!
Sif Muna accepts your kill.
Casting: Pain (safe; 1% risk of failure)
Confirm with . or Enter, or press ? or * to list all spells.
You attempt to give life to the dead...
Before your eyes, flesh is ripped from the corpse!
The dead are walking!
Casting: Animate Skeleton (safe; 1% risk of failure)
Confirm with . or Enter, or press ? or * to list all spells.
There is nothing nearby to animate!
The orc priest invokes the aid of Beogh against you.
Beogh smites you!
Ouch! That really hurt!
* * * LOW HITPOINT WARNING * * *
Your orc skeleton misses the orc priest.
It was a potion of might.
You feel very mighty all of a sudden.
The orc priest hits your orc skeleton with a +1 trident of protection.
Your orc skeleton hits the orc priest but does no damage.
It was a potion of magic.
Magic courses through your body.
The orc priest hits your orc skeleton with a +1 trident of protection.
Your orc skeleton is destroyed!
Aiming: Pain (safe; 1% risk of failure)
Press: ? - help, Q - select action, (/) - cycle Shift-Dir - straight line, f - orc priest
Aim: an orc priest, wielding a +1 trident of protection (chance to affect: 84%)
The orc priest writhes in agony.
Aiming: Pain (safe; 1% risk of failure)
Press: ? - help, Q - select action, (/) - cycle Shift-Dir - straight line, f/p - orc priest
Aim: an orc priest, wielding a +1 trident of protection (moderately wounded, chance to affect: 84%)
The orc priest writhes in agony.
Aiming: Pain (safe; 1% risk of failure)
Press: ? - help, Q - select action, (/) - cycle Shift-Dir - straight line, f/p - orc priest
Aim: an orc priest, wielding a +1 trident of protection (heavily wounded, chance to affect: 84%)
The orc priest writhes in agony.
The orc priest hits you from afar with a +1 trident of protection.
You die...

#.##.##..# ..
#.##.##..# #...
#.## #..# ...<
#.##.##..##.#...
#.##............
#.#####..#..####
#.# #..#.##
#....# ##@#.#
#.#.#
.......o?.#
.##.......#
....###)#.# .##
#)#)# ..#.. ..#
.. ..# ###


You could see an orc priest.

Vanquished Creatures
  An adder (D:2)
  2 worms (D:2)
  3 orcs (D:3)
  2 endoplasms (D:2)
  A giant cockroach (D:2)
  2 goblins
  A hobgoblin (D:1)
  6 jackals
  4 quokkas
  6 ball pythons
  4 bats (D:2)
  3 frilled lizards
  6 kobolds
  3 rats
44 creatures vanquished.

Vanquished Creatures (collateral kills)
  A jackal (D:1)
1 creature vanquished.

Grand Total: 45 creatures vanquished

Notes
Turn   | Place    | Note
-------+----------+-------------------------------------------
     0 | D:1      | Yllest the Deep Elf Necromancer began the quest for the
                  | Orb.
     0 | D:1      | Reached XP level 1. HP: 10/10 MP: 6/6
    72 | D:1      | Reached skill level 5 in Necromancy
    81 | D:1      | Learned a level 1 spell: Animate Skeleton
    98 | D:1      | Reached XP level 2. HP: 9/15 MP: 0/8
   551 | D:1      | Found a faded altar of an unknown god.
  1262 | D:1      | Became a worshipper of Sif Muna the Loreminder
  1262 | D:1      | Reached * piety under Sif Muna
  1604 | D:2      | Reached XP level 3. HP: 9/19 MP: 3/10
  1608 | D:2      | Learned a level 3 spell: Vampiric Draining
  2982 | D:3      | Reached ** piety under Sif Muna
  2991 | D:3      | Slain by an orc priest

Illustrated notes

Levels and vault maps discovered:
D:1:      lemuel_arrival_river_ford, layout_basic,
          shapermc_ecumenical_altar_totnotflames
D:2:      layout_basic, kennysheep_generic_room_6
D:3:      layout_loops_ring, jmf_multi_god_temple2

Skill      XL: |  1  2 |
---------------+-------+-----
Necromancy     | 5 |  5.9
Spellcasting   | 4 |  4.3
Dodging        | |  2.5
Stealth        | |  2.6

Action                   || total
-------------------------++-------
Melee: Unarmed           ||     1
 Cast: Pain              ||    83
       Animate Skeleton  ||     6
       Vampiric Draining ||     2
  Use: Potion            ||     3
Armor: Robe              ||     4
Dodge: Dodged            ||    13
